 Dungeon Crawl Stone Soup version 0.28.0-43-g3370ac3207 (webtiles) character file.

Game seed: 23775097653338528

26999 choreboyy the Fighter (level 13, -10/109 HPs)
             Began as a Demonspawn Wanderer on Mar 13, 2022.
             Was an Initiate of Gozag.
             Killed by drain life
             ... invoked by a soul eater
             ... summoned by an orc high priest
              (13 damage)
             ... on level 2 of the Orcish Mines.
             The game lasted 01:03:10 (16172 turns).

choreboyy the Fighter (Demonspawn Wanderer)        Turns: 16172, Time: 01:03:12

Health: -10/109    AC: 33    Str: 19    XL:     13   Next: 2%
Magic:  0/13       EV: 15    Int: 11    God:    Gozag
Gold:   701        SH:  0    Dex: 14    Spells: 12/12 levels left

rFire   x . .      SeeInvis .   R - +11 flail of Gallantry {speed, rElec rC+ Stlth+}
rCold   + + .      Faith    .   (no shield)
rNeg    . . .      Spirit   +   S - +3 chain mail {Will+}
rPois   .          Reflect  .   (no helmet)
rElec   +          Harm     .   T - +1 cloak "Ypsocie" {Fly rF- rC+ rCorr}
rCorr   +          Rampage  +   o - +3 pair of gauntlets of War {Slay+5}
Will    +....                   U - +0 pair of boots {rampage}
Stlth   +.........              n - amulet of guardian spirit
HPRegen 0.28/turn               y - +4 ring of protection
MPRegen 0.13/turn               d - +4 ring of evasion

@: gold aura, sanguine armoured, flying, studying Crossbows
A: ignite blood 1, spiny 2, sanguine armour 2, demonic touch 2
a: Renounce Religion, Potion Petition, Call Merchant, Bribe Branch


You were on level 2 of the Orcish Mines.
You worshipped Gozag.
Gozag was pleased with you.
You visited 3 branches of the dungeon, and saw 14 of its levels.

You collected 3632 gold pieces.
You spent 2264 gold pieces at shops.
You paid 667 gold pieces to Gozag.

Inventory:

Hand Weapons
 R - the +11 flail of Gallantry (weapon) {speed, rElec rC+ Stlth+}
   (You bought it in a shop on level 9 of the Dungeon)

   Attacks with this weapon are significantly faster.
   rC:        It protects you from cold.
   rElec:     It insulates you from electricity.
   Stlth:     It makes you more stealthy.
Missiles
 r - 13 javelins
 B - 2 throwing nets
Armour
 c - a +0 pair of gloves
 f - a scarf of shadows
 o - the +3 pair of gauntlets of War (worn) {Slay+5}
   (You bought it in a shop on level 9 of the Dungeon)

   Slay:      It affects your accuracy & damage with ranged weapons and melee
   (+5).
 S - a +3 chain mail of willpower (worn)
 T - the +1 cloak "Ypsocie" (worn) {Fly rF- rC+ rCorr}
   (You bought it in a shop on level 9 of the Dungeon)

   rF:        It makes you vulnerable to fire.
   rC:        It protects you from cold.
   Fly:       It grants you flight.
   rCorr:     It protects you from acid and corrosion.
 U - a +0 pair of boots of rampaging (worn)
Jewellery
 d - a +4 ring of evasion (right hand)
 m - the ring of the Black Skies {rC+ rN+}
   (You found it on level 2 of the Dungeon)

   [ring of positive energy]

   rC:        It protects you from cold.
   rN:        It protects you from negative energy.
 n - an amulet of guardian spirit (around neck)
 t - a +6 ring of dexterity
 y - a +4 ring of protection (left hand)
Wands
 e - a wand of mindburst (5) (quivered)
 v - a wand of charming (8)
 I - a wand of polymorph (2)
 X - a wand of flame (14)
 Z - a wand of iceblast (1)
Scrolls
 a - a scroll of enchant weapon {unknown}
 b - 2 scrolls of fog
 g - 2 scrolls of immolation {unknown}
 i - 3 scrolls of torment {unknown}
 j - 14 scrolls of teleportation
 k - a scroll of holy word {unknown}
 l - 4 scrolls of identify
 u - 2 scrolls of fear {unknown}
 w - 2 scrolls of amnesia {unknown}
 A - 2 scrolls of enchant armour {unknown}
 C - a scroll of summoning {unknown}
 J - a scroll of vulnerability {unknown}
 N - 2 scrolls of magic mapping {unknown}
 Y - a scroll of noise {unknown}
Potions
 h - 4 potions of brilliance
 p - 3 potions of haste
 q - 3 potions of might
 s - 2 potions of mutation {unknown}
 x - 2 potions of flight {unknown}
 z - 2 potions of cancellation {unknown}
 E - 2 potions of attraction {unknown}
 F - 4 potions of curing
 L - a potion of ambrosia {unknown}
 O - 2 potions of heal wounds
 P - a potion of berserk rage {unknown}
 Q - a potion of resistance {unknown}
 W - 2 potions of degeneration {unknown}
Miscellaneous
 V - a phial of floods


   Skills:
 + Level 12.3 Fighting
 - Level 7.0(9.2) Axes
 * Level 9.3(10.3) Maces & Flails
 + Level 4.7 Armour
 - Level 10.9 Dodging
 - Level 5.5 Stealth
 - Level 1.0 Unarmed Combat
 - Level 3.0 Evocations


You had 12 spell levels left.
You didn't know any spells.
Your spell library contained the following spells:

 Spells                   Type           Power      Damage    Failure   Level
 Magic Dart               Conj           0%         1d3       98%         1
 Summon Small Mammal      Summ           0%         N/A       98%         1
 Call Imp                 Summ           0%         N/A       99%         2
 Scorch                   Fire           0%         2d5       99%         2
 Searing Ray              Conj           0%         2d4       99%         2
 Static Discharge         Conj/Air       0%         N/A       99%         2
 Call Canine Familiar     Summ           0%         N/A       100%        3
 Dazzling Flash           Conj/Hex       0%         N/A       100%        3
 Inner Flame              Hex/Fire       0%         N/A       100%        3
 Mephitic Cloud           Conj/Pois/Air  0%         N/A       100%        3
 Ozocubu's Armour         Ice            0%         N/A       100%        3
 Summon Guardian Golem    Hex/Summ       0%         N/A       100%        3
 Cause Fear               Hex            0%         N/A       100%        4
 Flame Wave               Conj/Fire      0%         2d4       100%        4
 Fulminant Prism          Conj/Hex       0%         3d6       100%        4
 Agony                    Necr           0%         N/A       100%        5
 Lightning Bolt           Conj/Air       0%         1d11      100%        5
 Silence                  Hex/Air        0%         N/A       100%        5
 Summon Cactus Giant      Summ           0%         N/A       100%        6
 Dragon Form              Tmut           0%         N/A       100%        7
 Ozocubu's Refrigeration  Ice            0%         4d5       100%        7
 Discord                  Hex            0%         N/A       100%        8
 Maxwell's Capacitive Co  Air            0%         ∞         100%        8
 Dragon's Call            Summ           0%         N/A       100%        9


Dungeon Overview and Level Annotations

Branches:
Dungeon (11/15)            Temple (0/1) D:5            Lair (1/6) D:11
    Orc (2/2) D:9
    Elf: Orc:2

Altars:
Cheibriados
Gozag
Qazlal
Ru
Vehumet
Wu Jian
Xom
Beogh

Shops:
D:2 *   D:9 [*   Orc:2 [[?*

Portals:
Volcano: Lair:1

Annotations:
D:7 3 runed translucent doors, experimilk's ghost, novice MiHu


Innate Abilities, Weirdness & Mutations

Your demonic aura sometimes causes spilled blood to erupt in flames.
You are mostly covered in sharp spines.
When seriously injured, your blood forms thick armour. (AC +9)
Your touch may inflict irresistible damage on your foes.


Message History

You bludgeon the orc high priest!!
You kill the orc high priest!
The orc high priest hits you but does no damage.
You have reached level 13!
You sock the orc!
You kill the orc!
The sun demon barely misses you.
The orc priest begins to cast a cantrip, but forgets the words!
The orc high priest barely misses you.
You rampage towards the orc high priest!
You bludgeon the orc high priest!!
The orc high priest is moderately wounded.
The soul eater barely misses you. The sun demon is struck by your spines.
The sun demon hits you!
Your blood congeals into armour.
You are engulfed in flames!!
The fire burns you terribly!
The orc priest begins to cast a cantrip, but forgets the words!
You sock the orc high priest! Your touch misses the orc high priest.
The orc high priest is heavily wounded.
The orc high priest is engulfed in blazing flames.
The orc high priest mumbles some strange prayers to Beogh against you.
Beogh smites you!
* * * LOW HITPOINT WARNING * * *
The soul eater barely misses you. The sun demon hits you.
* * * LOW HITPOINT WARNING * * *
You are engulfed in flames!!
The fire burns you terribly!
* * * LOW HITPOINT WARNING * * *
The orc priest is distracted by your dazzling golden aura.
The orc high priest is engulfed in blazing flames.
The orc high priest hits you but does no damage.
The sun demon barely misses you.
There is a stone staircase leading up, spattered with blood here.
The orc priest calls upon Beogh to heal the orc high priest.
The orc high priest is healed somewhat.
The sun demon misses you.
The orc is distracted by your dazzling golden aura.
The orc high priest is engulfed in blazing flames.
The orc high priest hits you but does no damage.
The soul eater draws from the surrounding life force!
You die...
Your body crumbles into a pile of gold.

##.....####. ##........#..
...#.#... #............ ........#
########....#.#.... .....#.#
###.##.##.........#.. .......##
##.....[(............. ........#
#....##.#...#......#.. ........##
##.#3#..#...#......... ..$......#
###.3@................
$....##..###.#.$$[............[..
.....##.....[.o.o)...).......#.#.
......##.........oo..)........)<.
..$.$$#[.....#[.o$[..)........)[.
##.#$$$$[...........o..........[.
$..$..$$.........................
$.$.$$.$.$.......................
###$$#######.###.###.#######.....


You could see a soul eater (summoned), an orc high priest, a sun demon
(summoned), 2 orc priests and 3 orcs.

Vanquished Creatures
  Snorg (Orc:1)
  Fannar (Lair:1)
  A boulder beetle (D:8)
  3 two-headed ogres
  5 orc high priests (Orc:2)
  An orc knight (Orc:1)
  Pikel (D:6)
  A centaur zombie (D:11)
  A gargoyle (D:10)
  Psyche (D:8)
  A komodo dragon (Lair:1)
  A kobold demonologist (D:8)
  4 trolls
  A hornet (D:11)
  Prince Ribbit (D:8)
  2 wraiths
  A shadow (D:10)
  Eustachio (D:6)
  Sigmund (D:3)
  26 yaks
  A wyvern (D:8)
  A basilisk (Lair:1)
  2 steam dragons
  A vampire (D:9)
  3 vampire mosquitoes (D:11)
  Menkaure (D:7)
  8 wargs
  2 acid dragons
  20 water moccasins
  11 orc warriors
  4 black bears (D:11)
  2 sky beasts
  A necrophage (D:7)
  4 wolves (Lair:1)
  10 ogres
  7 centaurs
  A phantom (D:6)
  8 kobold brigands
  5 bullfrogs
  2 gnoll sergeants
  2 wyvern zombies
  4 scorpions
  A water moccasin skeleton (D:5)
  9 killer bees
  An electric eel (D:11)
  A howler monkey (D:11)
  9 wights
  2 vampire bats (D:8)
  A bullfrog zombie (D:5)
  A bullfrog skeleton (D:5)
  2 centaur skeletons
  2 hounds
  Crazy Yiuf (D:7)
  31 orc priests
  2 iguanas
  Jessica (D:2)
  Natasha (thrice) (D:2)
  Ijyb (D:3)
  21 orc wizards
  A killer bee zombie (D:8)
  10 gnolls
  A howler monkey skeleton (D:3)
  A howler monkey zombie (D:8)
  20 adders
  A shadow imp (D:8)
  3 white imps
  An ufetubus (D:4)
  A worm (D:4)
  4 dart slugs
  74 orcs
  6 ball pythons
  10 endoplasms
  3 giant cockroaches
  9 goblins
  6 hobgoblins
  15 kobolds
  5 quokkas
  9 bats
  4 frilled lizards
  5 rats
433 creatures vanquished.

Vanquished Creatures (others)
  An adder (D:11)
  55 fungi (D:11)
  48 plants
104 creatures vanquished.

Grand Total: 537 creatures vanquished

Notes
Turn   | Place    | Note
-------+----------+-------------------------------------------
     0 | D:1      | choreboyy the Demonspawn Wanderer began the quest for the
                  | Orb.
     0 | D:1      | choreboyy set off with the following items: a +0 club, a
                  | scroll of fog, a +0 pair of gloves, a +0 leather armour, a
                  | wand of mindburst (14)
     0 | D:1      | Reached XP level 1. HP: 16/16 MP: 1/1
   188 | D:1      | Gained mutation: You are partially covered in sharp spines.
                  | [demonic ancestry]
   188 | D:1      | Reached XP level 2. HP: 20/22 MP: 2/2
   963 | D:2      | Found Pyanwuulurr's Assorted Antiques.
   974 | D:2      | Noticed Natasha
   976 | D:2      | Noticed a crimson imp
   988 | D:2      | Killed Natasha
   989 | D:2      | Reached XP level 3. HP: 9/28 MP: 3/3
   997 | D:2      | Noticed Natasha
  1202 | D:2      | Killed Natasha
  1203 | D:2      | Gained mutation: Your touch may inflict minor irresistible
                  | damage on your foes. [demonic ancestry]
  1203 | D:2      | Reached XP level 4. HP: 34/34 MP: 4/4
  1240 | D:2      | Identified the ring of the Black Skies {rC+ rN+}
  1272 | D:2      | Noticed Jessica
  1286 | D:2      | Killed Jessica
  1507 | D:2      | Noticed Natasha
  1521 | D:2      | Killed Natasha
  1522 | D:2      | Reached skill level 3 in Fighting
  1697 | D:2      | Reached XP level 5. HP: 41/41 MP: 5/5
  2080 | D:3      | Noticed Sigmund
  2081 | D:3      | Killed Sigmund
  2082 | D:3      | Gained mutation: When seriously injured, your blood forms
                  | armour. (AC +9) [demonic ancestry]
  2082 | D:3      | Reached XP level 6. HP: 47/47 MP: 6/6
  2563 | D:3      | Noticed Ijyb
  2586 | D:3      | Killed Ijyb
  3055 | D:3      | Found an opulent altar of Gozag.
  3064 | D:3      | Became a worshipper of Gozag Ym Sagoz the Greedy
  3768 | D:4      | Reached skill level 4 in Fighting
  4292 | D:4      | Gained mutation: Your demonic aura sometimes causes spilled
                  | blood to erupt in flames. [demonic ancestry]
  4292 | D:4      | Reached XP level 7. HP: 48/54 MP: 7/7
  4411 | D:5      | Entered Level 5 of the Dungeon
  4906 | D:5      | Reached skill level 5 in Fighting
  5109 | D:5      | Gained mutation: When seriously injured, your blood forms
                  | thick armour. (AC +9) [demonic ancestry]
  5109 | D:5      | Reached XP level 8. HP: 34/62 MP: 8/8
  5153 | D:5      | Reached skill level 5 in Dodging
  5153 | D:5      | Reached skill level 5 in Stealth
  5346 | D:5      | Found a stormy altar of Qazlal.
  5641 | D:5      | Found a staircase to the Ecumenical Temple.
  6052 | D:6      | Noticed Pikel
  6063 | D:6      | Killed Pikel
  6064 | D:6      | Reached skill level 6 in Fighting
  6366 | D:6      | Noticed Eustachio
  6369 | D:6      | Killed Eustachio
  6370 | D:6      | Gained mutation: You are mostly covered in sharp spines.
                  | [demonic ancestry]
  6370 | D:6      | Reached XP level 9. HP: 64/71 MP: 9/9
  6427 | D:6      | Found a snail-covered altar of Cheibriados.
  6745 | D:6      | Reached skill level 7 in Fighting
  7158 | D:7      | Reached skill level 1 in Axes
  7355 | D:7      | Found a runed translucent gate.
  7356 | D:7      | Found a runed translucent gate.
  7356 | D:7      | Noticed experimilk's ghost (novice MiHu)
  7358 | D:7      | Found a runed translucent gate.
  7709 | D:7      | Noticed Menkaure
  7718 | D:7      | Killed Menkaure
  8036 | D:7      | Found a sacrificial altar of Ru.
  8111 | D:7      | Found a runed translucent door.
  8112 | D:7      | Noticed Crazy Yiuf
  8215 | D:7      | Killed Crazy Yiuf
  8305 | D:8      | Reached skill level 8 in Fighting
  8460 | D:8      | Noticed a kobold demonologist
  8466 | D:8      | Reached XP level 10. HP: 81/81 MP: 10/10
  8469 | D:8      | Noticed a sixfirhy
  8716 | D:8      | Noticed Psyche
  8733 | D:8      | Killed Psyche
  8897 | D:8      | Found a radiant altar of Vehumet.
  8941 | D:8      | Noticed Prince Ribbit
  8946 | D:8      | Killed Prince Ribbit
  8950 | D:8      | Reached skill level 9 in Fighting
  9058 | D:8      | Noticed a boulder beetle
  9083 | D:8      | HP: 2/83 [boulder beetle (39)]
  9733 | D:8      | Noticed a two-headed ogre
  9738 | D:8      | Killed a two-headed ogre
  9739 | D:8      | Reached skill level 5 in Axes
 10097 | D:8      | Killed a boulder beetle
 10503 | D:9      | Found an ornate altar of the Wu Jian Council.
 10504 | D:9      | Found Coefid's Assorted Antiques.
 10844 | D:9      | Found a staircase to the Orcish Mines.
 10852 | D:9      | Bought a bubbling amethyst potion for 17 gold pieces
 10852 | D:9      | Bought a crystal flail for 161 gold pieces
 10852 | D:9      | Identified the +11 flail of Gallantry {speed, rElec rC+
                  | Stlth+} (You bought it in a shop on level 9 of the Dungeon)
 10862 | D:9      | Bought a runed chain mail for 217 gold pieces
 10862 | D:9      | Bought a jewelled cloak for 275 gold pieces
 10862 | D:9      | Identified the +1 cloak "Ypsocie" {Fly rF- rC+ rCorr} (You
                  | bought it in a shop on level 9 of the Dungeon)
 10862 | D:9      | Bought a pair of runed boots for 217 gold pieces
 11230 | D:10     | Entered Level 10 of the Dungeon
 11284 | D:10     | Gained mutation: Your touch may inflict irresistible damage
                  | on your foes. [demonic ancestry]
 11284 | D:10     | Reached XP level 11. HP: 90/90 MP: 11/11
 11311 | D:10     | Reached skill level 10 in Fighting
 12181 | D:11     | Noticed a two-headed ogre
 12187 | D:11     | Killed a two-headed ogre
 12255 | D:11     | Reached skill level 10 in Dodging
 12286 | D:11     | Reached skill level 5 in Maces & Flails
 12417 | D:11     | Reached skill level 11 in Fighting
 12840 | D:11     | Found a staircase to the Lair.
 12899 | D:11     | Reached XP level 12. HP: 100/100 MP: 12/12
 13354 | Lair:1   | Entered Level 1 of the Lair of Beasts
 13450 | Lair:1   | Noticed Fannar
 13458 | Lair:1   | Killed Fannar
 13683 | Lair:1   | Found a dark tunnel.
 14273 | Orc:1    | Entered Level 1 of the Orcish Mines
 14538 | D:9      | Bought the +3 pair of gauntlets of War {Slay+5} for 1377
                  | gold pieces
 14538 | D:9      | Found the +3 pair of gauntlets of War {Slay+5}
 14580 | Orc:1    | Noticed Snorg
 14614 | Orc:1    | Killed Snorg
 14969 | Orc:1    | You are sucked into a shaft and drop 1 floor!
 14969 | Orc:2    | Entered Level 2 of the Orcish Mines
 14969 | Orc:2    | Found a shimmering altar of Xom.
 15149 | Orc:2    | Noticed an orc high priest
 15180 | Orc:2    | Killed an orc high priest
 15217 | Orc:2    | Noticed an orc high priest
 15217 | Orc:2    | Noticed a two-headed ogre
 15219 | Orc:2    | Reached skill level 12 in Fighting
 15488 | Orc:2    | Killed a two-headed ogre
 15492 | Orc:2    | Killed an orc high priest
 15588 | Orc:2    | Noticed an orc high priest
 15598 | Orc:2    | Killed an orc high priest
 15605 | Orc:2    | Noticed an orc high priest
 15614 | Orc:2    | Killed an orc high priest
 15760 | Orc:2    | Found Wots's Armour Boutique.
 15760 | Orc:2    | Found Otofoana's Armour Shoppe.
 15787 | Orc:2    | Noticed an orc high priest
 15790 | Orc:2    | Found Vioblof's General Store.
 15790 | Orc:2    | Found Waroef's Magic Scroll Shoppe.
 15819 | Orc:2    | Noticed an orc high priest
 16167 | Orc:2    | Killed an orc high priest
 16168 | Orc:2    | Reached XP level 13. HP: 79/109 MP: 8/13
 16171 | Orc:2    | HP: 3/109 [sun demon[an orc high priest] (23)]
 16172 | Orc:2    | Killed from afar by a soul eater

Illustrated notes

Levels and vault maps discovered:
D:1:      dpeg_arrival_round_b, layout_loops_ring
D:2:      layout_basic, serial_shops, nicolae_shop_hallway_stairs, uniq_natasha,
          uniq_jessica
D:3:      kennysheep_big_flooded_room, layout_basic,
          mainiacjoe_overflow_surrounded_room, uniq_ijyb, uniq_sigmund
D:4:      layout_gridville
D:5:      layout_cave_pools, grunt_qazlal_sundering,
          minmay_temple_entry_proselytizer, kennysheep_nondescript,
          kennysheep_generic_room_4
D:6:      layout_loops_ring, mainiacjoe_overflow_small_starburst,
          grunt_decor_one_mirror, uniq_eustachio, uniq_pikel
D:7:      layout_loops_ring, nicolae_ru_the_path_less_chosen,
          gammafunk_ghost_nasty_kobolds, uniq_menkaure, uniq_crazy_yiuf_cottage
D:8:      layout_loops_ring, nicolae_vehumet_altar_sigil, special_room
          [special_room_kobold], roderic_batcave, serial_bayou_pond_a,
          minmay_manual_mail, uniq_psyche, uniq_prince_ribbit1
D:9:      layout_roguey, nicolae_wu_jian_wuxing_cycle, orc_0_dummy,
          serial_shops, shop
D:10:     layout_loops_ring
D:11:     lemuel_reptile_caves, layout_loops_ring, due_lair_maze_entry_diamond
Lair:1:   layout_regular_city, nicolae_volcano_entry_hallway, uniq_fannar
Orc:1:    layout_caves, trog_butcher_becter, uniq_snorg
Orc:2:    st_orc_town, layout_caves, gammafunk_ghost_grave, serial_shops,
          nicolae_lakefront_shop, basic_altar

Skill      XL: |  1  2  3  4  5  6  7  8  9 10 11 12 |
---------------+-------------------------------------+-----
Dodging        | 2 3 4 6 7 9 10 | 10.9
Stealth        | 2 3 4 5 |  5.5
Armour         | 2 3 4 |  4.7
Fighting       | 3 4 5 6 8 9 11 12 | 12.3
Maces & Flails | 2 3 6 9 |  9.3
Axes           | 3 6 7 |  7.0
Unarmed Combat | |  1.0
Evocations     | |  3.0

Action                   |  1- 3 |  4- 6 |  7- 9 | 10-12 | 13-15 || total
-------------------------+-------+-------+-------+-------+-------++-------
Melee: Club              |    56 |   137 |   116 |       |       ||   309
       Punch             |     1 |       |     7 |    10 |       ||    18
       Touch             |       |    20 |    49 |   125 |       ||   194
       Morningstar       |       |       |    31 |       |       ||    31
       Hand axe          |       |       |    94 |   127 |       ||   221
       Flail             |       |       |       |   488 |     3 ||   491
Invok: Call Merchant     |       |       |       |     1 |       ||     1
Evoke: Wand              |       |     1 |       |    13 |       ||    14
  Use: Potion            |       |       |     1 |     2 |       ||     3
       Scroll            |       |       |       |     4 |       ||     4
 Stab: Sleeping          |     2 |     5 |    10 |     5 |       ||    22
       Distracted        |       |       |     7 |     7 |       ||    14
Armor: Leather armour    |    19 |    45 |    90 |    35 |       ||   189
       Chain mail        |       |       |       |   166 |     2 ||   168
       Skin              |       |       |       |     5 |       ||     5
Dodge: Dodged            |    28 |    82 |   164 |   300 |     6 ||   580
